 Dungeon Crawl Stone Soup version 0.29.1-12-g30fa7ad0bf (webtiles) character file.

Game seed: 12683546560722455154

162 MacCMillion the Chiller (level 5, -5/34 (37) HPs)
             Began as a Gnoll Ice Elementalist on Jan 6, 2023.
             Slain by a wight
             ... wielding a +0 morningstar
              (9 damage)
             ... on level 4 of the Dungeon.
             The game lasted 00:06:34 (3569 turns).

MacCMillion the Chiller (Gnoll Ice Elementalist)    Turns: 3569, Time: 00:06:34

HP:   -5/34 (37)    AC:  2    Str:  8    XL:     5   Next: 43%
MP:   12/12         EV: 13    Int: 16    God:
Gold: 178           SH:  0    Dex: 12    Spells: 7/14 levels left

rFire   . . .      SeeInvis .   y - +2 whip (drain)
rCold   . . .      Faith    .   (no shield)
rNeg    . . .      Spirit   .   a - +0 robe
rPois   .          Reflect  .   (no helmet)
rElec   .          Harm     .   (no cloak)
rCorr   .          Rampage  .   (no gloves)
Will    .....                   (no boots)
Stlth   +++.......              (no amulet)
HPRegen 0.11/turn               (no ring)
MPRegen 0.13/turn               (no ring)

@: drained
A: fangs 1, strong nose, distributed training
a: no special abilities


You were on level 4 of the Dungeon.
You visited 1 branch of the dungeon, and saw 5 of its levels.

You collected 178 gold pieces.

Inventory:

Hand Weapons
 e - a +0 club
 g - a +0 dagger
 y - a +2 whip of draining (weapon)
Armour
 a - a +0 robe (worn)
 w - a +0 cloak
Scrolls
 c - 7 scrolls of identify {unknown}
 d - a scroll of amnesia {unknown}
 j - 2 scrolls of magic mapping {unknown}
 l - a scroll of blinking {unknown}
 m - a scroll of silence {unknown}
 o - a scroll of enchant armour {unknown}
 p - 2 scrolls of teleportation {unknown}
 q - a scroll of poison {unknown}
 r - a scroll of enchant weapon {unknown}
 x - a scroll of noise {unknown}
Potions
 b - 3 potions of magic
 f - a potion of attraction {unknown}
 h - a potion of lignification {unknown}
 i - a potion of berserk rage {unknown}
 k - 2 potions of cancellation {unknown}
 n - 4 potions of might {unknown}
 s - a potion of flight {unknown}
 t - a potion of degeneration {unknown}
 u - a potion of brilliance {unknown}
 v - a potion of heal wounds {unknown}
 z - 2 potions of mutation {unknown}


   Skills:
 + Level 1.5 Fighting
 + Level 1.5 Short Blades
 + Level 1.5 Long Blades
 + Level 1.5 Axes
 + Level 1.5 Maces & Flails
 + Level 1.5 Polearms
 + Level 1.5 Staves
 + Level 1.5 Ranged Weapons
 + Level 1.5 Throwing
 + Level 1.5 Armour
 + Level 4.8 Dodging
 + Level 4.4 Stealth
 + Level 1.5 Shields
 + Level 1.5 Unarmed Combat
 + Level 5.2 Spellcasting
 + Level 1.2 Conjurations
 + Level 1.2 Hexes
 + Level 1.2 Summonings
 + Level 1.2 Necromancy
 + Level 1.2 Translocations
 + Level 1.2 Transmutations
 + Level 1.2 Fire Magic
 + Level 7.2 Ice Magic
 + Level 1.2 Air Magic
 + Level 1.2 Earth Magic
 + Level 1.2 Poison Magic
 + Level 1.7 Invocations
 + Level 1.5 Evocations


You had 7 spell levels left.
You knew the following spells:

 Your Spells              Type           Power      Damage    Failure   Level
a - Freeze                Ice            100%       1d11      1%          1
b - Frozen Ramparts       Ice            54%        1d9       2%          3
c - Ozocubu's Armour      Ice            27%        N/A       2%          3

Your spell library contained the following spells:

 Spells                   Type           Power      Damage    Failure   Level
 Slow                     Hex            32%        N/A       9%          1
 Confusing Touch          Hex            8%         N/A       26%         3
 Vampiric Draining        Necr           8%         2d6       26%         3
 Hailstorm                Conj/Ice       17%        3d6       26%         4


Dungeon Overview and Level Annotations

Branches:
Dungeon (5/15)
 Temple: D:4-7

Altars:

Shops:
D:2 :

Annotations:
D:4 exclusion: 2 wights


Innate Abilities, Weirdness & Mutations

You have very sharp teeth.
Your uncanny sense of smell can sniff out nearby items.
Your experience applies equally to all skills.


Message History

Your life force feels restored.
You have reached level 5!
Your icy armour cracks and falls away as you move.
Things that are here:
a +1 falchion; a +0 robe You start resting.
Magic restored.
You start resting.
HP restored.
A wight is nearby!
A wight comes into view. It is wielding a +0 dagger.
There is a stone staircase leading down here.
You climb downwards.
You hear the sound of rushing water.
There is an entrance to a sewer on this level.
Hurry and find it before the portal rusts away!
There is a stone staircase leading up here.
Found a scroll labelled USCHAG RAUTYTOHOA.
Found 15 gold pieces.
An ice beast comes into view.
There is a stone staircase leading up here.
You climb upwards.
Level annotation: exclusion: 2 wights The wight hits you with a +0 morningstar.
You feel drained.
The wight hits you with a +0 morningstar!
There is a stone staircase leading down, spattered with blood here.
You hit the wight but do no damage. The wight barely misses you.
You hit the wight but do no damage.
The wight hits you with a +0 morningstar!
* * * LOW HITPOINT WARNING * * *
You feel drained.
* * * LOW HITPOINT WARNING * * *
You are too injured to fight recklessly!
You are too injured to fight recklessly!
You are too injured to fight recklessly!
You are too injured to fight recklessly!
You are too injured to fight recklessly!
You hit the wight but do no damage.
The wight hits you with a +0 morningstar!
You die...

.................##.# ###..#
)................##.# #...##
.......>..........#.# #.###
#....#(...........>(####.##
........z.................#
..........................####
.............................#
.............................#
................@............#
)..........#.).z.............#
...........##................#
.z.........##................#
.....z..##................#
........##................# .
##!(..............#.......#
#!.##########.............####
##.....# #.#.#.##.......#


You could see a wight.

Vanquished Creatures
  A wight (D:4)
  An orc wizard (D:4)
  2 adders (D:2)
  5 orcs (D:4)
  8 ball pythons
  5 bats
  4 endoplasms
  A giant cockroach (D:2)
  5 goblins
  8 hobgoblins
  4 jackals (D:3)
  4 kobolds (D:4)
  6 frilled lizards
  6 rats
60 creatures vanquished.

Vanquished Creatures (others)
  A withered plant (D:1)
1 creature vanquished.

Grand Total: 61 creatures vanquished

Notes
Turn   | Place    | Note
-------+----------+-------------------------------------------
     0 | D:1      | MacCMillion the Gnoll Ice Elementalist began the quest for
                  | the Orb.
     0 | D:1      | Reached XP level 1. HP: 13/13 MP: 6/6
   128 | D:1      | Found a faded altar of an unknown god.
   207 | D:1      | Reached XP level 2. HP: 19/19 MP: 2/7
  1034 | D:2      | Found Jor Dat's Book Shoppe.
  1068 | D:2      | Reached skill level 5 in Spellcasting
  1068 | D:2      | Reached XP level 3. HP: 25/25 MP: 5/9
  1180 | D:2      | Reached skill level 1 in Invocations
  1438 | D:2      | Learned a level 3 spell: Frozen Ramparts
  1681 | D:2      | Reached skill level 1 in Fighting
  1681 | D:2      | Reached skill level 1 in Short Blades
  1681 | D:2      | Reached skill level 1 in Long Blades
  1681 | D:2      | Reached skill level 1 in Axes
  1681 | D:2      | Reached skill level 1 in Maces & Flails
  1681 | D:2      | Reached skill level 1 in Polearms
  1681 | D:2      | Reached skill level 1 in Staves
  1681 | D:2      | Reached skill level 1 in Ranged Weapons
  1681 | D:2      | Reached skill level 1 in Throwing
  1681 | D:2      | Reached skill level 1 in Armour
  1681 | D:2      | Reached skill level 1 in Shields
  1681 | D:2      | Reached skill level 1 in Unarmed Combat
  1681 | D:2      | Reached skill level 1 in Evocations
  1906 | D:3      | Learned a level 3 spell: Ozocubu's Armour
  2025 | D:3      | Reached XP level 4. HP: 31/32 MP: 7/11
  3031 | D:4      | Reached skill level 1 in Conjurations
  3031 | D:4      | Reached skill level 1 in Hexes
  3031 | D:4      | Reached skill level 1 in Summonings
  3031 | D:4      | Reached skill level 1 in Necromancy
  3031 | D:4      | Reached skill level 1 in Translocations
  3031 | D:4      | Reached skill level 1 in Transmutations
  3031 | D:4      | Reached skill level 1 in Fire Magic
  3031 | D:4      | Reached skill level 1 in Air Magic
  3031 | D:4      | Reached skill level 1 in Earth Magic
  3031 | D:4      | Reached skill level 1 in Poison Magic
  3287 | D:4      | Reached XP level 5. HP: 10/37 MP: 10/12
  3543 | D:5      | Entered Level 5 of the Dungeon
  3555 | D:5      | Noticed an ice beast
  3569 | D:4      | Slain by a wight

Illustrated notes

Levels and vault maps discovered:
D:1:      matt_arrival_grand_opening, layout_rooms, shapermc_ecumenical_altar_gd
D:2:      layout_loops_ring, serial_shops, shop
D:3:      layout_loops_cross
D:4:      layout_rooms
D:5:      layout_basic, portal_sewer_entry_f

Skill      XL: |  1  2  3  4 |
---------------+-------------+-----
Spellcasting   | 5 |  5.2
Invocations    | 1 |  1.7
Fighting       | 1 |  1.5
Short Blades   | 1 |  1.5
Long Blades    | 1 |  1.5
Axes           | 1 |  1.5
Maces & Flails | 1 |  1.5
Polearms       | 1 |  1.5
Staves         | 1 |  1.5
Ranged Weapons | 1 |  1.5
Throwing       | 1 |  1.5
Armour         | 1 |  1.5
Shields        | 1 |  1.5
Unarmed Combat | 1 |  1.5
Evocations     | 1 |  1.5
Conjurations   | 1 |  1.2
Hexes          | 1 |  1.2
Summonings     | 1 |  1.2
Necromancy     | 1 |  1.2
Translocations | 1 |  1.2
Transmutations | 1 |  1.2
Fire Magic     | 1 |  1.2
Air Magic      | 1 |  1.2
Earth Magic    | 1 |  1.2
Poison Magic   | 1 |  1.2
Dodging        | |  4.8
Stealth        | |  4.4
Ice Magic      | |  7.2

Action                   |  1- 3 |  4- 6 || total
-------------------------+-------+-------++-------
Melee: Unarmed           |     5 |       ||     5
       Dagger            |     6 |    23 ||    29
       Bite              |     2 |     6 ||     8
       Whip              |       |    24 ||    24
 Cast: Freeze            |    34 |       ||    34
       Frozen Ramparts   |     6 |     6 ||    12
       Ozocubu's Armour  |       |     2 ||     2
 Stab: Sleeping          |     1 |     5 ||     6
Armor: Robe              |    10 |     6 ||    16
Dodge: Dodged            |    28 |    29 ||    57
